 Dungeon Crawl Stone Soup version 0.31-a0-986-g5e6e4ef867 (webtiles) character file.

Game seed: 1474710270912168503

2640 Anonymone the Conjurer (level 9, -6/59 HPs)
             Began as a Demonspawn Venom Mage on Nov 24, 2023.
             Was a Follower of Vehumet.
             Mangled by a komodo dragon (20 damage)
             ... on level 6 of the Dungeon.
             The game lasted 00:31:12 (6795 turns).

Anonymone the Conjurer (Demonspawn Venom Mage)      Turns: 6795, Time: 00:31:13

Health: -6/59      AC: 20    Str:  9    XL:     9   Next: 35%
Magic:  0/17       EV: 10    Int: 23    God:    Vehumet [*.....]
Gold:   130        SH:  4    Dex: 14    Spells: 10/19 levels left

rFire   + . .        j - +7 falchion of Atatiz {protect, rPois Int+3}
rCold   . . .        (no shield)
rNeg    . . .        w - +2 ring mail {rF+}
rPois   +            v - +0 helmet
rElec   .            (no cloak)
rCorr   .            r - +0 pair of gloves
SInv    .            y - +0 pair of boots
Will    .....        k - amulet of regeneration
Stlth   +            (no ring)
HPRegen 1.09/turn    (no ring)
MPRegen 0.30/turn

%: guardian spirit
@: under a protective aura
A: claws 1, thin metallic scales 1, magic shield, magic regeneration,
condensation shield
a: Renounce Religion


You were on level 6 of the Dungeon.
You worshipped Vehumet.
Vehumet was aware of your devotion.
You visited 2 branches of the dungeon, and saw 8 of its levels.
You also visited: Ossuary.

You collected 382 gold pieces.
You spent 252 gold pieces at shops.

Inventory:

Hand Weapons
 c - a +0 short sword
 d - a +0 whip
 g - a +1 mace of venom
 j - the +7 falchion of Atatiz (weapon) {protect, rPois Int+3}
   (You found it on level 4 of the Dungeon)

   Int+3:     It affects your intelligence (+3).
   rPois:     It protects you from poison
 n - a +1 dagger of electrocution
 u - a +1 antimagic spear
 z - a +0 whip of flaming
Missiles
 e - 2 throwing nets
Armour
 a - a +0 robe
 r - a +0 pair of gloves (worn)
 v - a +0 helmet (worn)
 w - a +2 ring mail of fire resistance (worn)
 y - a +0 pair of boots (worn)
Magical Staves
 l - a staff of cold
Jewellery
 k - an amulet of regeneration (around neck)
Talismans
 m - a blade talisman
Wands
 x - a wand of polymorph (5)
 A - a wand of iceblast (8)
Scrolls
 i - a scroll of amnesia
 o - a scroll of torment
 s - a scroll of identify
 B - a scroll of immolation {unknown}
 D - a scroll of revelation {unknown}
Potions
 b - 3 potions of magic
 f - 2 potions of enlightenment
 h - 2 potions of cancellation {unknown}
 p - 3 potions of heal wounds
 q - a potion of degeneration {unknown}
 t - a potion of attraction
 C - a potion of ambrosia {unknown}
 E - a potion of might {unknown}


   Skills:
 - Level 1.1 Fighting
 - Level 2.2 Long Blades
 - Level 1.4 Maces & Flails
 + Level 3.2 Armour
 - Level 2.2 Dodging
 - Level 1.8 Stealth
 * Level 5.6 Spellcasting
 - Level 6.1 Conjurations
 - Level 1.4 Transmutations
 - Level 3.4 Ice Magic
 - Level 4.2 Air Magic
 - Level 5.0 Poison Magic


You had 10 spell levels left.
You knew the following spells:

 Your Spells              Type           Power      Damage    Failure   Level
a - Sting                 Tmut/Pois      84%        1d7       6%          1
b - Poisonous Vapours     Pois/Air       54%        N/A       5%          2
c - Mephitic Cloud        Conj/Pois/Air  30%        N/A       9%          3
d - Hailstorm             Conj/Ice       28%        3d8       10%         3

Your spell library contained the following spells:

 Spells                   Type           Power      Damage    Failure   Level
 Shock                    Conj/Air       100%       1d9       2%          1
 Freeze                   Ice            88%        1d9       5%          1
 Cigotuvi's Dreadful Rot  Necr/Pois/Air  40%        N/A       10%         2
 Frozen Ramparts          Ice            44%        1d7       17%         3
 Olgreb's Toxic Radiance  Pois           29%        N/A       30%         4
 Arcjolt                  Conj/Air       15%        1d25      58%         5
 Vhi's Electric Charge    Tloc/Air       32%        N/A       67%         4
 Dispel Undead            Necr           6%         3d8       93%         4
 Death Channel            Necr           3%         N/A       100%        6
 Maxwell's Capacitive Co  Air            13%        ∞         100%        8


Dungeon Overview and Level Annotations

Branches:
Dungeon (7/15)             Temple (1/1) D:5         Ossuary (visited)

Altars:
Ashenzari
Cheibriados
Dithmenos
Fedhas
Gozag
Hepliaklqana
Kikubaaqudgha
Makhleb
Nemelex Xobeh
Okawaru
Ru
Sif Muna
Trog
Uskayaw
Vehumet
Wu Jian
Yredelemnul

Shops:
D:5 *

Annotations:
D:7 1 transporter, Mig's ghost, novice OpSh


Innate Abilities, Weirdness & Mutations

You have sharp fingernails.
You are partially covered in thin metallic scales. (AC +2)
When hurt, damage is shared between your health and your magic reserves.
You regenerate magic rapidly.
A meltable shield of frost defends you. (SH +4)


Message History

The orc is heavily wounded.
You kill the orc!
Vehumet accepts your kill. The orc barely misses you.
You closely miss the orc.
The orc is severely wounded.
Casting: Poisonous Vapours (safe; 5% risk of failure)
Confirm with . or Enter, or press ? or * to list all spells.
Aiming: Poisonous Vapours (safe; 5% risk of failure)
Press: ? - help, Dir - move target, f/p - komodo dragon
Aim: a komodo dragon (lightly wounded, poisoned) Poisonous vapours surround the komodo dragon!
The komodo dragon looks even sicker.
You kill the orc!
Vehumet accepts your kill.
Casting: Poisonous Vapours (safe; 5% risk of failure)
Confirm with . or Enter, or press ? or * to list all spells.
Aiming: Poisonous Vapours (safe; 5% risk of failure)
Press: ? - help, Dir - move target, f/p - komodo dragon
Aim: a komodo dragon (lightly wounded, very poisoned) Poisonous vapours surround the komodo dragon!
The komodo dragon looks as sick as possible!
Something hits you but does no damage. Something hits you.
Something shocks you. The komodo dragon misses you.
You climb upwards.
Reactivating autopickup.
There is a stone staircase leading down here.
Deactivating autopickup; reactivate with Ctrl-A.
You hit something.
Your weapon exudes an aura of protection.
Something hits you but does no damage. The komodo dragon bites you!
Something hits you but does no damage.
You hit something. The komodo dragon bites you! Something hits you.
Something shocks you. The komodo dragon closely misses you.
You closely miss something. Something hits you but does no damage.
The komodo dragon bites you!
* * * LOW HITPOINT WARNING * * *
You closely miss something. Something hits you but does no damage.
The komodo dragon bites you!!
You die...

#.# #.###.#.#...#####..# #.#
#.# #.#.##.## ###..#
#.###.###.#.##.# #....#
#.........#.##.# #.#.##
#####.#####.##.# #.#.# #.#
#.##.####.#.# ##.##
#.##....#.#.#
#########...####÷#####.#.#.#
##.............{@l# #.#.#.#
......####...####.## #.#.#.###
##.##.# ##.####...####.#.#...#
...##.# #.###.........#.###.#
#####.#####.##.....######.# #.#
##...[....................# #.#
............##...############.#
.#.##.#####.#....<##..........#
.#.##.# #..........##########


You could see a komodo dragon (very poisoned).

Vanquished Creatures
  Sigmund (D:3)
  A wraith (D:6)
  A steam dragon (D:6)
  2 water moccasins
  An orc warrior (D:6)
  2 black bears (D:5)
  An ice beast (D:5)
  A sky beast (D:6)
  An ogre (D:5)
  A phantom (D:6)
  2 bullfrogs (D:6)
  A gnoll sergeant (D:7)
  2 scorpions
  4 killer bees
  A howler monkey (D:7)
  An orc priest (D:4)
  3 hounds (D:5)
  2 jellies
  A sleepcap (D:5)
  Natasha (thrice) (D:4)
  6 iguanas
  2 orc wizards
  Robin (D:4)
  14 gnolls
  4 adders
  2 white imps (D:6)
  2 ufetubi (D:6)
  2 worms (D:2)
  3 dart slugs (D:1)
  10 orcs
  5 endoplasms
  17 goblins
  8 hobgoblins
  7 quokkas
  11 ball pythons
  6 bats
  5 frilled lizards
  5 hobgoblin zombies (Ossuary)
  2 jackal zombies (Ossuary)
  4 kobolds
  8 kobold zombies (Ossuary)
  7 orc zombies (Ossuary)
  3 rats (D:1)
166 creatures vanquished.

Vanquished Creatures (collateral kills)
  A wight (D:5)
1 creature vanquished.

Vanquished Creatures (others)
  A white imp (D:6)
1 creature vanquished.

Grand Total: 168 creatures vanquished

Notes
Turn   | Place    | Note
-------+----------+-------------------------------------------
     0 | D:1      | Anonymone the Demonspawn Venom Mage began the quest for the
                  | Orb.
     0 | D:1      | Reached XP level 1. HP: 13/13 MP: 3/3
   182 | D:1      | Gained mutation: You regenerate magic rapidly. [demonic
                  | ancestry]
   182 | D:1      | Reached XP level 2. HP: 11/19 MP: 1/5
   352 | D:1      | Reached skill level 1 in Transmutations
   665 | D:1      | Found a faded altar of an unknown god.
   673 | D:1      | Reached XP level 3. HP: 25/25 MP: 3/6
  1191 | D:1      | Learned a level 2 spell: Poisonous Vapours
  1195 | D:1      | Learned a level 3 spell: Mephitic Cloud
  1693 | D:2      | Reached skill level 1 in Fighting
  2119 | D:2      | Reached XP level 4. HP: 27/32 MP: 3/7
  2510 | D:3      | Found an opulent altar of Gozag.
  2584 | D:3      | Noticed Sigmund
  2672 | D:4      | Noticed Robin
  2689 | D:4      | Killed Robin
  2705 | D:4      | Reached skill level 1 in Air Magic
  2806 | D:4      | Reached skill level 1 in Maces & Flails
  2816 | D:4      | Noticed a scorpion
  2821 | D:4      | Killed a scorpion
  2822 | D:4      | Reached skill level 1 in Conjurations
  2822 | D:4      | Gained mutation: You are partially covered in thin metallic
                  | scales. (AC +2) [demonic ancestry]
  2822 | D:4      | Reached XP level 5. HP: 37/37 MP: 2/9
  2831 | D:4      | Found a sand-covered staircase.
  2840 | Ossuary  | Entered an ossuary
  3463 | D:4      | Reached skill level 2 in Conjurations
  3620 | D:4      | Identified the +7 falchion of Atatiz {protect, rPois Int+3}
  3649 | D:4      | Gained mutation: When hurt, damage is shared between your
                  | health and your magic reserves. [demonic ancestry]
  3649 | D:4      | Reached XP level 6. HP: 26/43 MP: 5/10
  3805 | D:4      | Found a snail-covered altar of Cheibriados.
  3911 | D:4      | Noticed Natasha
  3919 | D:4      | Killed Natasha
  4026 | D:4      | Noticed Natasha
  4034 | D:4      | Killed Natasha
  4366 | D:3      | Killed Sigmund
  4367 | D:3      | Reached skill level 1 in Long Blades
  4367 | D:3      | Reached skill level 3 in Conjurations
  4367 | D:3      | Gained mutation: You have sharp fingernails. [demonic
                  | ancestry]
  4367 | D:3      | Reached XP level 7. HP: 48/48 MP: 3/11
  4537 | D:5      | Entered Level 5 of the Dungeon
  4595 | D:5      | Learned a level 3 spell: Hailstorm
  4789 | D:5      | Found Gesedaofeu's Assorted Antiques.
  4797 | D:5      | Bought a runed ring mail for 252 gold pieces
  4895 | D:5      | Reached skill level 4 in Conjurations
  5060 | D:5      | Reached skill level 5 in Poison Magic
  5060 | D:5      | Gained mutation: A meltable shield of frost defends you.
                  | (SH +4) [demonic ancestry]
  5060 | D:5      | Reached XP level 8. HP: 51/54 MP: 7/12
  5142 | D:4      | Noticed Natasha
  5150 | D:4      | Killed Natasha
  5228 | D:5      | Noticed a rust devil
  5236 | D:5      | Found a staircase to the Ecumenical Temple.
  5249 | D:5      | Reached skill level 1 in Ice Magic
  5280 | Temple   | Entered the Ecumenical Temple
  5290 | Temple   | Became a worshipper of Vehumet
  5380 | D:5      | Reached skill level 5 in Conjurations
  5680 | D:6      | Reached skill level 6 in Conjurations
  5864 | D:6      | Reached skill level 1 in Armour
  5966 | D:6      | Reached XP level 9. HP: 59/59 MP: 3/15
  6106 | D:6      | Found a sparkling altar of Nemelex Xobeh.
  6435 | D:7      | Found a transporter.
  6441 | D:7      | Found a bloodstained altar of Trog.
  6441 | D:7      | Noticed Mig's ghost (novice OpSh)
  6442 | D:7      | Noticed a two-headed ogre
  6508 | D:7      | Reached * piety under Vehumet
  6508 | D:7      | Offered knowledge of Shock by Vehumet.
  6541 | D:6      | Reached skill level 5 in Spellcasting
  6629 | D:7      | Noticed a komodo dragon
  6795 | D:6      | Mangled by a komodo dragon

Illustrated notes

Levels and vault maps discovered:
D:1:      dpeg_arrival_stonehenge_8_columns, layout_basic, serial_bayou,
          serial_bayou_ford_a, serial_bayou_pond_e, serial_bayou_crossing,
          serial_bayou_pond_e, serial_bayou_pond_e,
          hellmonk_ecumenical_altar_run_dry
D:2:      wad_lake_hut, layout_loops_corners
D:3:      layout_rooms, old_standard_altar, chequers_jeans, uniq_sigmund
D:4:      layout_cave_pools, chei_slow_surprise,
          mainiacjoe_ossuary_entry_dusty_tomb, uniq_robin, uniq_natasha
D:5:      layout_loops_ring, temple_garden, serial_shops, shop,
          minmay_misc_feat_tiny, dreamdust_wishing_well, dk_noncrumbling_3
D:6:      layout_loops_ring, nemelex_spade_bored_becter
D:7:      layout_cave_pools, doesnt_xom_only_xom, tgw_trog,
          gammafunk_ghost_wrathful_warriors, minmay_gold_behind_fungi
Temple:   eino_temple_rhombus

Skill      XL: |  1  2  3  4  5  6  7  8  9 |
---------------+----------------------------+-----
Transmutations | 1 |  1.4
Dodging        | 2 |  2.2
Fighting       | 1 |  1.1
Air Magic      | 1 2 3 4 |  4.2
Maces & Flails | 1 |  1.4
Conjurations   | 1 2 3 4 6 |  6.1
Poison Magic   | 4 5 |  5.0
Long Blades    | 1 2 |  2.2
Ice Magic      | 3 |  3.4
Armour         | 1 3 |  3.2
Spellcasting   | 4 5 |  5.6
Stealth        | |  1.8

Action                     |  1- 3 |  4- 6 |  7- 9 || total
---------------------------+-------+-------+-------++-------
  Melee: Short sword       |     6 |       |       ||     6
         Unarmed           |     1 |       |       ||     1
         Whip              |    21 |       |    28 ||    49
         Mace              |       |   110 |       ||   110
         Falchion          |       |    14 |   151 ||   165
         Punch             |       |     2 |     3 ||     5
   Cast: Sting             |    80 |    79 |    91 ||   250
         Poisonous Vapours |    19 |    20 |    27 ||    66
         Mephitic Cloud    |       |     1 |    10 ||    11
         Hailstorm         |       |       |    10 ||    10
    Use: Scroll            |     2 |     5 |     1 ||     8
         Potion            |       |     2 |       ||     2
   Stab: Sleeping          |     1 |       |       ||     1
         Confused          |       |     1 |       ||     1
 Armour: Robe              |    24 |   196 |    17 ||   237
         Ring mail         |       |       |   230 ||   230
  Dodge: Dodged            |    41 |   220 |   115 ||   376
  Block: Other             |       |       |    39 ||    39

Table legend: (Time is in decaauts)
 A = Elapsed time spent in this place.
 B = Non-inter-level travel time spent in this place.
 C = Inter-level travel time spent in this place.
 D = Time resting spent in this place.
 E = Time spent auto-exploring this place.
 F = Levels seen in this place.
 G = Mean time per level.
                   A        B        C        D        E       F      G
               +--------+--------+--------+--------+--------+-----+--------+
         Total |   6951 |   6493 |    458 |    698 |   3983 |   9 |  772.3 |
       Dungeon |   6484 |   6045 |    439 |    596 |   3912 |   7 |  926.3 |
        Temple |     20 |      1 |     19 |      0 |      0 |   1 |   20.0 |
       Ossuary |    446 |    446 |      0 |    102 |     71 |   1 |  446.0 |
               +--------+--------+--------+--------+--------+-----+--------+

Top non-repeatable levels by time:
     D:1: 1228 daAuts
     D:2: 1215 daAuts
     D:4: 1211 daAuts
     D:6: 1206 daAuts
     D:5: 812 daAuts
     D:3: 567 daAuts
 Ossuary: 446 daAuts
     D:7: 243 daAuts
  Temple: 20 daAuts
